PAAA
MILTON DOGFISH HEAD @ NAPERVILLE BATTLEKINGS
07/02/2024
 
TOP OF THE 1ST
Milton Dogfish Head batting - Pitching for Naperville Battlekings : RHP Eric Newell
Pitching: RHP Eric Newell
Batting: RHB Raúl Ortíz 0-0: Ball
1-0: Fly out, F9 (Flyball, 9M)
Batting: LHB Robert Adams 0-0: Called Strike
0-1: Swinging Strike
0-2: Foul Ball, location: 2F
0-2: Ball
1-2: Strikes out swinging, 2-3 out at first.
Batting: RHB Roy Childress 0-0: Called Strike
0-1: Ball
1-1: Ball
2-1: Foul Ball, location: 2F
2-2: Foul Ball, location: 2F
2-2: Strikes out swinging
Top of the 1st over - 0 run(s), 0 hit(s), 0 error(s), 0 left on base; Milton 0 - Naperville 0
BOTTOM OF THE 1ST
Naperville Battlekings batting - Pitching for Milton Dogfish Head : LHP Kirby Buckner
Pitching: LHP Kirby Buckner
Batting: RHB Matt Love 0-0: Fly out, F8 (Flyball, 8LM)
Batting: SHB Daryl Lloyd 0-0: Foul Ball, location: 2F
0-1: Fly out, F7 (Flyball, 78XD)
Batting: RHB Álex Rodríguez 0-0: Ball
1-0: Foul Ball, location: 2F
1-1: Ball
2-1: Foul Ball, location: 2F
2-2: Ball
3-2: Strikes out swinging
Bottom of the 1st over - 0 run(s), 0 hit(s), 0 error(s), 0 left on base; Milton 0 - Naperville 0
TOP OF THE 2ND
Milton Dogfish Head batting - Pitching for Naperville Battlekings : RHP Eric Newell
Batting: LHB Sean Booth 0-0: Ball
1-0: Ball
2-0: Ball
3-0: Base on Balls
Batting: RHB José Correa 0-0: Called Strike
0-1: Ball
1-1: Foul Ball, location: 2F
1-2: Fly out, F7 (Flyball, 78XD)
Batting: RHB Leonard James 0-0: Reached on error, E6 (Groundball, 6)
Sean Booth to second
Batting: RHB David Sánchez 0-0: Foul Ball, location: 2F
0-1: Ball
1-1: Ball
2-1: Ball
3-1: Foul Ball, location: 2F
3-2: Fly out, F9 (Flyball, 89S)
Batting: RHB Lane Hancock 0-0: Ball
1-0: Ball
2-0: Ball
3-0: Called Strike
3-1: Reached on Error, E3 (Line Drive, 3S)
Sean Booth to third
Leonard James to second
Batting: RHB Jeff Bass 0-0: Called Strike
0-1: SINGLE (Line Drive, 34D)
Sean Booth scores
Leonard James to third
Lane Hancock to second
Runner from 3rd tries for Home, SAFE, no throw or cutoff
Batting: RHB Raúl Ortíz 0-0: Called Strike
0-1: Ball
1-1: Foul Ball, location: 2F
1-2: Ground out 6-3 (Groundball, 6)
Top of the 2nd over - 2 run(s), 1 hit(s), 2 error(s), 2 left on base; Milton 2 - Naperville 0
BOTTOM OF THE 2ND
Naperville Battlekings batting - Pitching for Milton Dogfish Head : LHP Kirby Buckner
Batting: LHB Cristo Ramírez 0-0: Foul Ball, location: 2F
0-1: Foul Ball, location: 2F
0-2: Ball
1-2: Foul Ball, location: 2F
1-2: Ball
2-2: Fly out, F3 (Line Drive, 3)
Batting: RHB Edward Payne 0-0: Ball
1-0: Foul Ball, location: 2F
1-1: Swinging Strike
1-2: Ball
2-2: Ball
3-2: Ground out 5-3 (Groundball, 56)
Batting: LHB Joe Cashmore 0-0: Ground out 6-3 (Groundball, 6)
Bottom of the 2nd over - 0 run(s), 0 hit(s), 0 error(s), 0 left on base; Milton 2 - Naperville 0
TOP OF THE 3RD
Milton Dogfish Head batting - Pitching for Naperville Battlekings : RHP Eric Newell
Batting: LHB Robert Adams 0-0: Ball
1-0: TRIPLE (Flyball, 9LD)
Batting: RHB Roy Childress 0-0: Swinging Strike
0-1: Foul Ball, location: 2F
0-2: Ball
1-2: Ball
2-2: Fly out, F7 (Flyball, 7S)
Batting: LHB Sean Booth 0-0: Ball
1-0: Called Strike
1-1: Foul Ball, location: 2F
1-2: Strikes out swinging
Batting: RHB José Correa 0-0: Called Strike
0-1: Ball
1-1: Called Strike
1-2: Fly out, F6 (Line Drive, 6)
Top of the 3rd over - 0 run(s), 1 hit(s), 0 error(s), 1 left on base; Milton 2 - Naperville 0
BOTTOM OF THE 3RD
Naperville Battlekings batting - Pitching for Milton Dogfish Head : LHP Kirby Buckner
Batting: RHB Joe Ferneyhough 0-0: Swinging Strike
0-1: Swinging Strike
0-2: Ball
1-2: Ball
2-2: Foul Ball, location: 2F
2-2: Ball
3-2: Strikes out swinging
Batting: SHB Val Brown 0-0: Called Strike
0-1: Swinging Strike
0-2: Strikes out swinging
Batting: LHB Alfonso Martínez 0-0: Ball
1-0: Ball
2-0: Foul Ball, location: 2F
2-1: Ball
3-1: Foul Ball, location: 2F
3-2: Strikes out swinging
Bottom of the 3rd over - 0 run(s), 0 hit(s), 0 error(s), 0 left on base; Milton 2 - Naperville 0
TOP OF THE 4TH
Milton Dogfish Head batting - Pitching for Naperville Battlekings : RHP Eric Newell
Batting: RHB Leonard James 0-0: Ball
1-0: Ball
2-0: Called Strike
2-1: Fly out, F7 (Flyball, 7M)
Batting: RHB David Sánchez 0-0: Ball
1-0: Foul Ball, location: 2F
1-1: Ball
2-1: Ground out U3 (Groundball, 3S)
Batting: RHB Lane Hancock 0-0: Fly out, F6 (Line Drive, 6)
Top of the 4th over - 0 run(s), 0 hit(s), 0 error(s), 0 left on base; Milton 2 - Naperville 0
BOTTOM OF THE 4TH
Naperville Battlekings batting - Pitching for Milton Dogfish Head : LHP Kirby Buckner
Batting: RHB Matt Love 0-0: Ball
1-0: Ball
2-0: Ball
3-0: Called Strike
3-1: Base on Balls
Batting: SHB Daryl Lloyd 0-0: Ball
1-0: Ball
2-0: Called Strike
2-1: Foul Ball, location: 2F
2-2: Strikes out swinging
Batting: RHB Álex Rodríguez 0-0: SINGLE (Line Drive, 7S)
Matt Love to second
Batting: LHB Cristo Ramírez 0-0: Foul Ball, location: 2F
0-1: Ball
1-1: Swinging Strike
1-2: Ball
2-2: SINGLE (Flyball, 89S)
Matt Love to third
Álex Rodríguez to second
Runner from 3rd tries for Home, SAFE, no throw or cutoff
Batting: RHB Edward Payne 0-0: Fly out, F7 (Flyball, 7D)
Runner from 2nd tags up, SAFE at 3rd, no throw
Batting: LHB Joe Cashmore 0-0: Ball
1-0: Called Strike
1-1: Ball
2-1: Called Strike
2-2: Foul Ball, location: 2F
2-2: Ground out 3-1 (Groundball, 34)
Bottom of the 4th over - 1 run(s), 2 hit(s), 0 error(s), 2 left on base; Milton 2 - Naperville 1
TOP OF THE 5TH
Milton Dogfish Head batting - Pitching for Naperville Battlekings : RHP Eric Newell
Batting: RHB Jeff Bass 0-0: Ball
1-0: Ball
2-0: Swinging Strike
2-1: Foul Ball, location: 2F
Single, Error in OF, E7, batter to second base
Batting: RHB Raúl Ortíz 0-0: Ball
1-0: Ball
2-0: Fly out, F6 (Popup, 6M)
Batting: LHB Robert Adams 0-0: Intentional Walk
Batting: RHB Roy Childress 0-0: Called Strike
0-1: Swinging Strike
0-2: Ball
1-2: Foul Ball, location: 2F
1-2: Strikes out swinging
Batting: LHB Sean Booth 0-0: Ball
1-0: Ball
2-0: Ball
3-0: Base on Balls
Jeff Bass to third
Robert Adams to second
Batting: RHB José Correa 0-0: Called Strike
0-1: Ball
1-1: Ball
2-1: Swinging Strike
2-2: Ball
3-2: Foul Ball, location: 2F
3-2: Ground out 6-3 (Groundball, 6)
Top of the 5th over - 0 run(s), 1 hit(s), 1 error(s), 3 left on base; Milton 2 - Naperville 1
BOTTOM OF THE 5TH
Naperville Battlekings batting - Pitching for Milton Dogfish Head : LHP Kirby Buckner
Batting: RHB Joe Ferneyhough 0-0: Called Strike
0-1: Ball
1-1: SINGLE (Groundball, 6MD) (infield hit)
Batting: SHB Val Brown 0-0: Ball
1-0: Called Strike
1-1: Grounds into double play, 1-6-3 (Groundball, 13S)
Batting: LHB Alfonso Martínez 0-0: Called Strike
0-1: Ball
1-1: Foul Ball, location: 2F
1-2: Ground out 4-3 (Groundball, 13)
Bottom of the 5th over - 0 run(s), 1 hit(s), 0 error(s), 0 left on base; Milton 2 - Naperville 1
TOP OF THE 6TH
Milton Dogfish Head batting - Pitching for Naperville Battlekings : RHP Eric Newell
Batting: RHB Leonard James 0-0: Ball
1-0: SINGLE (Groundball, 6MD)
Batting: RHB David Sánchez 0-0: Ball
1-0: Fly out, F7 (Flyball, 78M)
Batting: RHB Lane Hancock 0-0: Foul Ball, location: 2F
0-1: Ball
1-1: Grounds into double play, 4-6-3 (Groundball, 4M)
Top of the 6th over - 0 run(s), 1 hit(s), 0 error(s), 0 left on base; Milton 2 - Naperville 1
BOTTOM OF THE 6TH
Naperville Battlekings batting - Pitching for Milton Dogfish Head : LHP Kirby Buckner
Batting: RHB Matt Love 0-0: Swinging Strike
0-1: Ground out 6-3 (Groundball, 6S)
Batting: SHB Daryl Lloyd 0-0: Called Strike
0-1: Fly out, F9 (Flyball, 9M)
Batting: RHB Álex Rodríguez 0-0: Foul Ball, location: 2F
0-1: Foul Ball, location: 2F
0-2: Strikes out swinging
Bottom of the 6th over - 0 run(s), 0 hit(s), 0 error(s), 0 left on base; Milton 2 - Naperville 1
TOP OF THE 7TH
Milton Dogfish Head batting - Pitching for Naperville Battlekings : RHP Eric Newell
Batting: RHB Jeff Bass 0-0: Called Strike
0-1: Ball
1-1: Ground out 5-3 (Groundball, 56)
Batting: RHB Raúl Ortíz 0-0: Ball
1-0: Called Strike
1-1: Foul Ball, location: 2F
1-2: Foul Ball, location: 2F
1-2: Ball
2-2: Foul Ball, location: 2F
2-2: Foul Ball, location: 2F
2-2: SINGLE (Line Drive, 6)
Pitching: RHP Dave Ponsonby
Batting: LHB Robert Adams 0-0: Ball
1-0: SINGLE (Groundball, 4MD)
Raúl Ortíz to second
Batting: RHB Roy Childress 0-0: Ball
1-0: Fly out, F9 (Flyball, 89M)
Batting: LHB Sean Booth 0-0: Foul Ball, location: 2F
0-1: Foul Ball, location: 2F
0-2: Foul Ball, location: 2F
0-2: Ball
1-2: Ball
2-2: Ball
3-2: Fly out, F8 (Flyball, 78XD)
Top of the 7th over - 0 run(s), 2 hit(s), 0 error(s), 2 left on base; Milton 2 - Naperville 1
BOTTOM OF THE 7TH
Naperville Battlekings batting - Pitching for Milton Dogfish Head : LHP Kirby Buckner
Batting: LHB Cristo Ramírez 0-0: Swinging Strike
0-1: Called Strike
0-2: Strikes out swinging
Batting: RHB Edward Payne 0-0: Ball
1-0: Fly out, F9 (Flyball, 9D)
Batting: LHB Joe Cashmore 0-0: Ball
1-0: Ball
2-0: SOLO HOME RUN (Flyball, 8RXD), Distance : 438 ft
Batting: RHB Joe Ferneyhough 0-0: Ball
1-0: Ball
2-0: Foul Ball, location: 2F
2-1: Ground out 6-3 (Groundball, 56)
Bottom of the 7th over - 1 run(s), 1 hit(s), 0 error(s), 0 left on base; Milton 2 - Naperville 2
TOP OF THE 8TH
Milton Dogfish Head batting - Pitching for Naperville Battlekings : RHP Dave Ponsonby
Batting: RHB José Correa 0-0: Ground out 2-3 (Groundball, 2R)
Pinch Hitting: RHB Luis Alomar 0-0: Swinging Strike
0-1: Ball
1-1: Fly out, F8 (Flyball, 8LM)
Batting: RHB David Sánchez 0-0: Ball
1-0: Ball
2-0: Ball
3-0: Called Strike
3-1: SINGLE (Groundball, 13) (infield hit)
Batting: RHB Lane Hancock 0-0: Called Strike
0-1: Foul Ball, location: 2F
0-2: Strikes out swinging
Top of the 8th over - 0 run(s), 1 hit(s), 0 error(s), 1 left on base; Milton 2 - Naperville 2
BOTTOM OF THE 8TH
Naperville Battlekings batting - Pitching for Milton Dogfish Head : LHP Kirby Buckner
Now in LF: Hal Romaine
Batting: SHB Val Brown 0-0: Ball
1-0: Ground out 6-3 (Groundball, 6)
Pinch Hitting: RHB Jim Unknown 0-0: Ball
1-0: Fly out, F5 (Popup, 56S)
Batting: RHB Matt Love 0-0: Ball
1-0: Swinging Strike
1-1: Ball
2-1: Ball
3-1: Ground out 5-3 (Groundball, 56S)
Bottom of the 8th over - 0 run(s), 0 hit(s), 0 error(s), 0 left on base; Milton 2 - Naperville 2
TOP OF THE 9TH
Milton Dogfish Head batting - Pitching for Naperville Battlekings : RHP Dave Ponsonby
Pitching: RHP Ramón Elizondo
Now at 2B: Jim Unknown
Batting: RHB Jeff Bass 0-0: Called Strike
0-1: Ball
1-1: Called Strike
1-2: Foul Ball, location: 2F
1-2: Foul Ball, location: 2F
1-2: Ball
2-2: Fly out, F9 (Flyball, 9M)
Batting: RHB Raúl Ortíz 0-0: Called Strike
0-1: Fly out, F7 (Flyball, 7D)
Batting: LHB Robert Adams 0-0: Foul Ball, location: 2F
0-1: Foul Ball, location: 2F
0-2: Ball
1-2: Ground out 6-3 (Groundball, 6)
Top of the 9th over - 0 run(s), 0 hit(s), 0 error(s), 0 left on base; Milton 2 - Naperville 2
BOTTOM OF THE 9TH
Naperville Battlekings batting - Pitching for Milton Dogfish Head : LHP Kirby Buckner
Pitching: RHP Jim Unknown
Batting: SHB Daryl Lloyd 0-0: Ball
1-0: Ground out 1-3 (Groundball, 15)
Batting: RHB Álex Rodríguez 0-0: Foul Ball, location: 2F
0-1: SINGLE (Groundball, 4MD)
Batting: LHB Cristo Ramírez 0-0: Ball
1-0: Fly out, F7 (Popup, 56D)
Batting: RHB Edward Payne 0-0: Called Strike
0-1: Ball
1-1: Ball
2-1: Swinging Strike
2-2: Ball
3-2: Strikes out looking
Bottom of the 9th over - 0 run(s), 1 hit(s), 0 error(s), 1 left on base; Milton 2 - Naperville 2
TOP OF THE 10TH
Milton Dogfish Head batting - Pitching for Naperville Battlekings : RHP Ramón Elizondo
Batting: RHB Roy Childress 0-0: Foul Ball, location: 2F
0-1: SINGLE (Groundball, 3L)
Batting: LHB Sean Booth 0-0: Swinging Strike
0-1: Swinging Strike
0-2: Foul Ball, location: 2F
0-2: Strikes out swinging
Batting: RHB José Correa 0-0: Foul Ball, location: 2F
0-1: Called Strike
0-2: Foul Ball, location: 2F
0-2: Fly out, F8 (Flyball, 8RM)
Pinch Hitting: RHB Guillermo Montoya 0-0: SINGLE (Line Drive, 6D)
Roy Childress to second
Batting: RHB David Sánchez 0-0: Called Strike
0-1: Called Strike
0-2: Ball
1-2: Foul Ball, location: 2F
1-2: SINGLE (Line Drive, 56D)
Roy Childress to third
Guillermo Montoya to second
Runner from 3rd tries for Home, SAFE, no throw or cutoff
Batting: RHB Lane Hancock 0-0: Foul Ball, location: 2F
0-1: Swinging Strike
0-2: Ball
Passed Ball!
Guillermo Montoya to third
David Sánchez to second
1-2: Ground out 6-3 (Groundball, 6)
Top of the 10th over - 1 run(s), 3 hit(s), 0 error(s), 2 left on base; Milton 3 - Naperville 2
BOTTOM OF THE 10TH
Naperville Battlekings batting - Pitching for Milton Dogfish Head : RHP Jim Unknown
Now in CF: Guillermo Montoya
Batting: LHB Joe Cashmore 0-0: Ball
1-0: Called Strike
1-1: SINGLE (Line Drive, 34D)
Batting: RHB Joe Ferneyhough 0-0: Swinging Strike
0-1: Called Strike
0-2: Grounds into double play, 6-4-3 (Groundball, 6)
Batting: SHB Val Brown 0-0: DOUBLE (Line Drive, 8RM)
Batting: RHB Jim Unknown 0-0: Ball
1-0: SINGLE (Line Drive, 6MD)
Val Brown to third
Batting: RHB Matt Love 0-0: Ball
1-0: Ball
2-0: Swinging Strike
2-1: Foul Ball, location: 2F
2-2: Foul Ball, location: 2F
2-2: Foul Ball, location: 2F
2-2: Ball
3-2: Ground out 6-3 (Groundball, 6)
Bottom of the 10th over - 0 run(s), 3 hit(s), 0 error(s), 2 left on base; Milton 3 - Naperville 2
This league is powered by Out of the Park Baseball, the baseball management simulation game for PC, Mac and Linux
Monday, October 3rd, 2016 - OOTP Baseball 16.9 Build 39